 Dungeon Crawl Stone Soup version 0.22.1-1-ga44c0e5 (webtiles) character file.

79 lysyklops the Shield-Bearer (level 4, 0/29 HPs)
             Began as a Gargoyle Fighter on Oct 13, 2018.
             Slain by a gnoll
             ... wielding a +0 whip
              (1 damage)
             ... on level 2 of the Dungeon.
             The game lasted 00:02:39 (1153 turns).

lysyklops the Shield-Bearer (Gargoyle Fighter)      Turns: 1153, Time: 00:02:40

Health: 0/29       AC: 10    Str: 20    XL:     4   Next: 37%
Magic:  4/4        EV:  7    Int:  9    God:
Gold:   125        SH:  9    Dex:  9    Spells: 3/3 levels left

rFire    . . .     SeeInvis .   a - +0 flail
rCold    . . .     Gourm    .   c - +0 shield
rNeg     + . .     Faith    .   b - +0 scale mail
rPois    ∞         Spirit   .   (no helmet)
rElec    +         Reflect  .   e - scarf {repulsion}
rCorr    .         Harm     .   (no gloves)
MR       .....                  (no boots)
Stlth    ..........             (no amulet)
HPRegen  0.09/turn              (no ring)
MPRegen  0.09/turn              (no ring)

@: repel missiles
A: negative energy resistance 1, electricity resistance, unbreathing,
petrification resistance, rot immunity, AC +3
a: no special abilities


You were on level 2 of the Dungeon.
You were not hungry.

You visited 1 branch of the dungeon, and saw 2 of its levels.

You collected 125 gold pieces.

Inventory:

Hand Weapons
 a - a +0 flail (weapon)
Armour
 b - a +0 scale mail (worn)
 c - a +0 shield (worn)
 e - a scarf of repulsion (worn)
Jewellery
 j - a +3 ring of dexterity {unknown}
Scrolls
 g - 2 scrolls of identify {unknown}
 h - a scroll of fear {unknown}
 i - 4 scrolls of remove curse {unknown}
 k - a scroll of enchant armour {unknown}
 l - a scroll of amnesia {unknown}
 q - a scroll of noise {unknown}
Potions
 d - a potion of might
 m - a potion of agility {unknown}
 n - 3 potions of heal wounds {unknown}
 o - 2 potions of lignification {unknown}
 p - a potion of flight {unknown}
Comestibles
 f - 4 rations


   Skills:
 + Level 4.0 Fighting
 + Level 2.8 Maces & Flails
 + Level 3.9 Armour
 + Level 4.0 Shields


You had 3 spell levels left.
You didn't know any spells.
Your spell library was empty.

Dungeon Overview and Level Annotations

Branches:
Dungeon (2/15)

Altars:
Yredelemnul
Zin


Innate Abilities, Weirdness & Mutations

You are resistant to torment.
Your stone body is resilient. (AC +3)
You are immune to poison.
You resist negative energy. (rN+)
You are resistant to electric shocks. (rElec)
You can survive without breathing.
You are immune to petrification.
You are immune to rotting.


Message History

You closely miss the gnoll. The gnoll hits you but does no damage.
You block the gnoll's attack.
The gnoll hits you from afar with a spear.
* * * LOW HITPOINT WARNING * * *
Your shield and scale mail prevent you from hitting the gnoll.
You block the gnoll's attack.
The gnoll hits you from afar with a spear.
* * * LOW HITPOINT WARNING * * *
The gnoll hits you but does no damage.
Your shield and scale mail prevent you from hitting the gnoll.
You block the gnoll's attack. The gnoll barely misses you.
You closely miss the gnoll. You block the gnoll's attack. x2
You closely miss the gnoll. The gnoll closely misses you.
The gnoll barely misses you. You block the gnoll's attack.
The gnoll hits you with a whip.
* * * LOW HITPOINT WARNING * * *
You hit the gnoll.
The gnoll is moderately wounded.
The gnoll hits you but does no damage. The gnoll hits you with a whip.
You die...

###.###...##.##≈..P.
#. #.......##≈≈.≈ #.
#...####.###+# #.
### ##.....
######.##### ####.#
.......#...## #..
##.###.##########.
#.## ##.........._
#@# #.#########. #g#
#.# #. ..g .## ##
####. .# ###


You could see 2 gnolls.

Vanquished Creatures
  2 adders (D:2)
  2 gnolls (D:2)
  A worm (D:2)
  A dart slug (D:2)
  A leopard gecko (D:2)
  A giant cockroach (D:1)
  4 goblins
  6 hobgoblins
  2 jackals (D:1)
  A ball python (D:2)
  6 bats
  2 frilled lizards (D:1)
  A kobold (D:1)
  7 rats (D:1)
37 creatures vanquished.

Notes
Turn   | Place    | Note
-------+----------+-------------------------------------------
     0 | D:1      | lysyklops the Gargoyle Fighter began the quest for the Orb.
     0 | D:1      | Reached XP level 1. HP: 14/14 MP: 1/1
    70 | D:1      | Reached XP level 2. HP: 19/19 MP: 2/2
   435 | D:1      | Reached XP level 3. HP: 20/23 MP: 3/3
   968 | D:2      | Found a basalt altar of Yredelemnul.
  1060 | D:2      | Reached XP level 4. HP: 29/29 MP: 4/4
  1111 | D:2      | Found a glowing silver altar of Zin.
  1152 | D:2      | HP: 1/29 [gnoll/whip (1)]
  1153 | D:2      | Slain by a gnoll

Skill      XL: |  1  2  3  4 |
---------------+-------------+-----
Fighting       | 4 |  4.0
Shields        | 4 |  4.0
Maces & Flails | |  2.8
Armour         | |  3.9

Action                   |  1- 3 |  4- 6 || total
-------------------------+-------+-------++-------
Melee: Flail             |   132 |    16 ||   148
  Eat: Chunk             |     1 |       ||     1
Armor: Scale mail        |    86 |     7 ||    93
Dodge: Dodged            |    43 |     7 ||    50
Block: Shield            |    78 |    14 ||    92
